 Dungeon Crawl Stone Soup version 0.24.0-125-gc4c63601f3 (webtiles) character file.

Game seed: 5353931900069062175, levelgen mode: deterministic

9894 Peloso the Carver (level 11, -25/95 HPs)
             Began as a Minotaur Fighter on Mar 7, 2020.
             Was a High Priest of Okawaru.
             Killed from afar by Fannar (36 damage)
             ... with a bolt of cold
             ... on level 11 of the Dungeon.
             The game lasted 00:20:28 (9184 turns).

Peloso the Carver (Minotaur Fighter)                Turns: 9184, Time: 00:20:28

Health: -25/95     AC: 19    Str: 28    XL:     11   Next: 29%
Magic:  9/10       EV:  8    Int:  5    God:    Okawaru [*****.]
Gold:   671        SH: 13    Dex: 11    Spells: 10/10 levels left

rFire    . . .     SeeInvis .   a - +5 falchion (freeze)
rCold    . . .     Gourm    .   c - +0 shield
rNeg     . . .     Faith    .   r - +0 plate armour
rPois    .         Spirit   .   K - +2 hat
rElec    .         Reflect  .   s - +0 cloak
rCorr    .         Harm     .   (no gloves)
MR       .....                  p - +0 pair of boots
Stlth    ..........             (no amulet)
HPRegen  0.25/turn              x - ring of wizardry
MPRegen  0.12/turn              (no ring)

@: mighty
A: retaliatory headbutt, horns 2
a: Heroism, Finesse, Renounce Religion


You were on level 11 of the Dungeon.
You worshipped Okawaru.
Okawaru was extremely pleased with you.
You were hungry.

You visited 1 branch of the dungeon, and saw 11 of its levels.

You collected 671 gold pieces.

Inventory:

Hand Weapons
 a - a +5 falchion of freezing (weapon)
 b - a +0 short sword of electrocution
 u - the +6 quarterstaff "Fearuony" {antimagic, Fragile Str+2 Int+10 Stlth+, unknown}
   (You found it on level 6 of the Dungeon)

   It reduces the magical energy of the wielder, and disrupts the spells and
   magical abilities of those hit.
   Natural abilities and divine invocations are not affected.
   It affects your strength (+2).
   It affects your intelligence (+10).
   It will be destroyed if unequipped.
   It makes you more stealthy.
Armour
 c - a +0 shield (worn)
 k - a +0 scale mail
 p - a +0 pair of boots (worn)
 r - a +0 plate armour (worn)
 s - a +0 cloak (worn)
 H - +0 ice dragon scales
 K - a +2 hat (worn)
Jewellery
 i - an uncursed ring of positive energy
 x - a ring of wizardry (left hand)
 A - an uncursed ring of see invisible {unknown}
 F - an uncursed ring of protection from cold {unknown}
Wands
 E - a wand of digging (4)
 M - a wand of random effects (17)
Scrolls
 e - 3 scrolls of magic mapping
 g - 6 scrolls of identify
 h - 6 scrolls of remove curse
 j - a scroll of fog
 l - 3 scrolls of enchant weapon {unknown}
 n - a scroll of noise
 o - 3 scrolls of blinking
 q - 2 scrolls of teleportation
 t - 2 scrolls of enchant armour
 y - a scroll of immolation {unknown}
 z - a scroll of brand weapon {unknown}
 B - a scroll of vulnerability {unknown}
 I - a scroll of summoning {unknown}
 J - a scroll of amnesia {unknown}
Potions
 d - a potion of might
 v - 2 potions of brilliance {unknown}
 w - 2 potions of resistance
 C - 2 potions of magic {unknown}
 D - 2 potions of flight
 G - a potion of ambrosia {unknown}
Comestibles
 f - 6 rations
 L - a chunk of flesh


   Skills:
 + Level 8.5 Fighting
 + Level 13.0 Long Blades
 + Level 9.9 Armour
 + Level 2.5 Dodging
 + Level 1.3 Stealth
 + Level 11.3 Shields
 + Level 0.9 Invocations


You had 10 spell levels left.
You didn't know any spells.
Your spell library contained the following spells:

 Spells                   Type           Power        Failure   Level  Hunger
 Beastly Appendage        Tmut           #.....       93%         1    ##.....
 Sticks to Snakes         Tmut           #.......     98%         2    ###....
 Spider Form              Tmut/Pois      #.........   100%        3    ####...
 Ice Form                 Ice/Tmut       #.......     100%        4    #####..
 Blade Hands              Tmut           #.........   100%        5    ######.


Dungeon Overview and Level Annotations

Branches:
Dungeon (11/15)            Temple (0/1) D:6            Lair (0/6) D:11
    Orc (0/2) D:9

Altars:
Ashenzari
Hepliaklqana
Okawaru
Uskayaw
Wu Jian
Xom
Yredelemnul
Zin

Shops:
D:8 [

Annotations:
D:5 3 runed translucent doors, Mandevil's ghost, novice OpAK
D:8 3 runed translucent doors, Johnny's ghost, novice DgGl
D:11 Fannar


Innate Abilities, Weirdness & Mutations

You reflexively headbutt those who attack you in melee.
You have a pair of horns on your head.


Message History

Fannar drains the heat from the surrounding environment!
You feel very cold.
* * * LOW HITPOINT WARNING * * *
Fannar is frozen.
Fannar resists.
You miss Fannar. Your headbutt misses Fannar.
Fannar is severely wounded.
You are feeling hungry.
You block Fannar's attack.
Unknown command.
You hit Fannar.
Fannar is almost dead.
You feel like a meek peon again.
You feel better. Fannar hits you but does no damage.
You feel very mighty all of a sudden. Fannar closely misses you.
You hit Fannar. You headbutt Fannar, but do no damage.
Fannar is almost dead.
Fannar points at you and mumbles some strange words.
The bolt of cold hits you!!!
You die...

#......# #..#
..........#......# #.<#
..........#......# #..#
..........#......# #..#
.........#......# #..#
#.......#......# #..#
#.h.h..^#......# #..# .#
#.......#......# #..# #.#
#.......#.@..†.# #..# #.#
#.......#e.....# #..# #.#
#..............# #..# #.###
#..............# #..###....
#..............###....†.##.
#.....................÷.##.
#..................####.##.
#..................# #.#
#..................# #.#


You could see Fannar.

Vanquished Creatures
  Gastronok (D:10)
  A death yak (D:11)
  A deep elf mage (D:7)
  A rime drake (D:10)
  A kobold demonologist (D:11)
  3 trolls
  Sigmund (D:2)
  A wraith (D:11)
  A hungry ghost (D:7)
  Menkaure (D:6)
  12 water moccasins (D:10)
  An orc warrior (D:10)
  An eye of draining (D:8)
  2 sky beasts
  6 ogres
  A centaur (D:9)
  A crocodile (D:10)
  10 big kobolds
  5 bullfrogs
  2 wyvern skeletons
  5 scorpions
  5 killer bees (D:6)
  An electric eel (D:10)
  3 wights (D:8)
  5 howler monkeys
  3 crimson imps
  A quasit (D:9)
  A centaur zombie (D:11)
  3 orc wizards
  A hound (D:5)
  Crazy Yiuf (D:3)
  3 jellies
  4 orc priests
  2 bullfrog skeletons
  2 iguanas
  A hell rat (D:11)
  5 worker ants
  A hound zombie (D:5)
  4 gnolls
  24 adders
  2 shadow imps
  An ooze (D:3)
  An adder zombie (D:8)
  3 worms
  A dart slug (D:1)
  5 leopard geckos
  35 orcs
  3 ball pythons
  7 giant cockroaches
  8 goblins
  15 hobgoblins
  11 jackals
  16 kobolds
  11 quokkas
  A ball python skeleton (D:4)
  10 bats
  5 frilled lizards
  A giant cockroach zombie (D:6)
  A leopard gecko skeleton (D:3)
  A leopard gecko zombie (D:5)
  3 quokka skeletons
  5 rats
274 creatures vanquished.

Vanquished Creatures (others)
  An adder (D:10)
1 creature vanquished.

Grand Total: 275 creatures vanquished

Notes
Turn   | Place    | Note
-------+----------+-------------------------------------------
     0 | D:1      | Peloso the Minotaur Fighter began the quest for the Orb.
     0 | D:1      | Reached XP level 1. HP: 19/19 MP: 0/0
    22 | D:1      | Reached XP level 2. HP: 27/27 MP: 1/1
   170 | D:1      | Reached XP level 3. HP: 23/33 MP: 2/2
   419 | D:1      | Reached skill level 3 in Long Blades
   580 | D:2      | Reached XP level 4. HP: 39/40 MP: 3/3
   627 | D:2      | Noticed Sigmund
   635 | D:2      | Killed Sigmund
   635 | D:2      | Reached skill level 4 in Long Blades
   635 | D:2      | Reached skill level 1 in Dodging
   635 | D:2      | Reached skill level 5 in Shields
   635 | D:2      | Reached XP level 5. HP: 45/47 MP: 4/4
   951 | D:2      | Found a hide-covered altar of Uskayaw.
   951 | D:2      | Noticed a +0 hand axe
   951 | D:2      | Noticed a +0 dagger
   977 | D:2      | Reached XP level 6. HP: 45/53 MP: 5/5
  1070 | D:3      | Found a runed translucent door.
  1071 | D:3      | Noticed Crazy Yiuf
  1079 | D:3      | Killed Crazy Yiuf
  1155 | D:3      | Found a shimmering altar of Xom.
  1272 | D:3      | Found an ornate altar of the Wu Jian Council.
  1589 | D:3      | Reached skill level 5 in Long Blades
  1750 | D:4      | Reached skill level 5 in Armour
  1958 | D:4      | Reached XP level 7. HP: 60/60 MP: 6/6
  2184 | D:4      | Reached skill level 5 in Fighting
  2226 | D:4      | Reached skill level 1 in Stealth
  2297 | D:4      | Reached skill level 6 in Long Blades
  2440 | D:4      | Found a glowing silver altar of Zin.
  2503 | D:5      | Entered Level 5 of the Dungeon
  2635 | D:5      | Found a runed translucent gate.
  2635 | D:5      | Found a runed translucent gate.
  2643 | D:5      | Found a runed translucent gate.
  2643 | D:5      | Noticed Mandevil's ghost (novice OpAK)
  2911 | D:5      | Reached skill level 7 in Long Blades
  3044 | D:5      | Reached XP level 8. HP: 62/68 MP: 7/7
  3353 | D:6      | Got an iridescent quarterstaff
  3450 | D:6      | Found a shattered altar of Ashenzari.
  3476 | D:6      | Noticed Menkaure
  3482 | D:6      | Killed Menkaure
  3482 | D:6      | Reached skill level 8 in Long Blades
  3538 | D:6      | Found a basalt altar of Yredelemnul.
  3542 | D:6      | You fall into a shaft and drop 2 floors!
  3596 | D:8      | Noticed a komodo dragon
  3597 | D:8      | Noticed Johnny's ghost (novice DgGl)
  3673 | D:8      | Found a flagged portal.
  3745 | D:8      | Found a runed translucent gate.
  3753 | D:8      | Found a runed translucent gate.
  3753 | D:8      | Found a runed translucent gate.
  3806 | D:8      | Found Xeuroqix's Armour Shoppe.
  3837 | D:7      | Found an iron altar of Okawaru.
  3843 | D:7      | Became a worshipper of Warmaster Okawaru
  4348 | D:6      | Reached skill level 9 in Long Blades
  5100 | D:6      | Found a staircase to the Ecumenical Temple.
  5554 | D:7      | Reached XP level 9. HP: 72/75 MP: 8/8
  5599 | D:7      | Found a hazy altar of Hepliaklqana.
  5905 | D:7      | Noticed a deep elf mage
  5922 | D:7      | Killed a deep elf mage
  5954 | D:7      | Noticed a troll
  5963 | D:7      | HP: 3/75 [troll (7)]
  6482 | D:7      | Killed a troll
  6482 | D:7      | Reached * piety under Okawaru
  6796 | D:8      | Reached skill level 10 in Long Blades
  6819 | D:8      | Noticed a meliai
  6819 | D:8      | Noticed a meliai
  6819 | D:8      | Noticed a meliai
  6895 | D:9      | Found a staircase to the Orcish Mines.
  6911 | D:9      | Reached ** piety under Okawaru
  7219 | D:10     | Entered Level 10 of the Dungeon
  7328 | D:10     | Reached XP level 10. HP: 86/86 MP: 9/9
  7375 | D:10     | Reached skill level 10 in Shields
  7389 | D:10     | Reached skill level 11 in Long Blades
  7987 | D:10     | Noticed Gastronok
  8009 | D:10     | Killed Gastronok
  8009 | D:10     | Reached *** piety under Okawaru
  8009 | D:10     | Reached skill level 12 in Long Blades
  8323 | D:10     | Reached **** piety under Okawaru
  8747 | D:10     | Reached XP level 11. HP: 94/94 MP: 10/10
  8999 | D:11     | Noticed a death yak
  9002 | D:11     | Found a staircase to the Lair.
  9002 | D:11     | Noticed a death yak
  9002 | D:11     | Noticed a death yak
  9025 | D:11     | Killed a death yak
  9025 | D:11     | Reached ***** piety under Okawaru
  9083 | D:11     | Reached skill level 13 in Long Blades
  9160 | D:11     | Noticed Fannar
  9179 | D:11     | HP: 3/95 [Fannar/refrigeration (16)]
  9184 | D:11     | Killed from afar by Fannar

Levels and vault maps discovered:
D:1:      ncdulo_wetmaze, layout_basic, chequers_serial_rivers_micro_b,
          minmay_hexomino_f4
D:2:      layout_rooms, dancing_weapons_uskayaw, minmay_split_cup_large,
          uniq_sigmund
D:3:      layout_basic, lemuel_crystal_altar, nicolae_overflow_crystal_walls,
          chequers_serial_rivers_small_b, uniq_crazy_yiuf_cottage
D:4:      layout_basic, kennysheep_little_box, first_ration
D:5:      layout_loops_ring, ebering_ghost_rock_garden
D:6:      layout_cave_pods, kennysheep_mini_moat, nicolae_ashenzari_panopticon,
          minmay_temple_entry_offerings, uniq_menkaure
D:7:      layout_basic, lemuel_doored_altar, okawaru_trees_2
D:8:      layout_loops_corners, cheibriados_altar_1, gammafunk_ghost_split,
          serial_shops, shop, enter_bailey_2, uniq_prince_ribbit1, uniq_erica
D:9:      layout_rooms, orc_0_dummy
D:10:     lemuel_reptile_caves, layout_loops_ring, grunt_pizzeria,
          uniq_gastronok
D:11:     layout_long_grid, dpeg_lair_monsters, special_room
          [special_room_kobold], hangedman_batty, uniq_fannar

Skill      XL: |  1  2  3  4  5  6  7  8  9 10 11 |
---------------+----------------------------------+-----
Shields        | 4 5 6 8 9 10 11 | 11.3
Fighting       | 4 5 7 8 |  8.5
Armour         | 4 5 6 8 9 |  9.9
Long Blades    | 3 4 5 7 9 10 12 13 | 13.0
Dodging        | 1 2 |  2.5
Stealth        | 1 |  1.3
Invocations    | |  0.9

Action                   |  1- 3 |  4- 6 |  7- 9 | 10-12 || total
-------------------------+-------+-------+-------+-------++-------
Melee: Long sword        |    69 |   123 |    63 |       ||   255
       Headbutt          |     7 |    21 |    76 |    57 ||   161
       Falchion          |       |       |   349 |   270 ||   619
       Unarmed           |       |       |     3 |       ||     3
Invok: Heroism           |       |       |     1 |     7 ||     8
  Use: Potion            |       |     2 |     8 |     2 ||    12
       Scroll            |       |       |     9 |       ||     9
  Eat: Chunk             |       |     3 |     6 |     6 ||    15
       Ration            |       |       |     5 |       ||     5
Armor: Scale mail        |    56 |    54 |     5 |       ||   115
       Plate armour      |       |       |   192 |   108 ||   300
Dodge: Dodged            |    52 |    53 |    96 |    55 ||   256
Block: Shield            |    59 |    87 |   239 |   141 ||   526
       Rpst.: Long sword |    12 |    15 |     4 |       ||    31
       Falchion          |       |       |    28 |    12 ||    40
